 Dungeon Crawl Stone Soup version 0.24.0-123-gd5b16e6ec5 (webtiles) character file.

Game seed: 12150369566427876488, levelgen mode: deterministic

305 mortelune the Firebug (level 6, -4/32 HPs)
             Began as a Gargoyle Fire Elementalist on Jan 19, 2020.
             Slain by Blork the orc
             ... wielding a +2 dire flail of draining
              (11 damage)
             ... on level 4 of the Dungeon.
             The game lasted 00:10:27 (6344 turns).

mortelune the Firebug (Gargoyle Fire Elementalist)  Turns: 6344, Time: 00:10:28

Health: -4/32      AC:  6    Str: 10    XL:     6   Next: 39%
Magic:  4/10       EV: 12    Int: 17    God:
Gold:   241        SH:  0    Dex: 10    Spells: 5/11 levels left

rFire    . . .     SeeInvis .   h - -3 long sword (curse)
rCold    . . .     Gourm    .   (no shield)
rNeg     + . .     Faith    .   a - +0 robe
rPois    ∞         Spirit   .   (no helmet)
rElec    +         Reflect  .   (no cloak)
rCorr    .         Harm     .   (no gloves)
MR       .....                  (no boots)
Stlth    ++........             b - amulet of inaccuracy (curse)
HPRegen  0.10/turn              i - -2 ring of strength (curse)
MPRegen  0.12/turn              (no ring)

@: no status effects
A: negative energy resistance 1, electricity resistance, unbreathing,
petrification resistance, rot immunity, AC +4
a: no special abilities


You were on level 4 of the Dungeon.
You were not hungry.

You visited 1 branch of the dungeon, and saw 4 of its levels.
You also visited: Sewer.

You collected 241 gold pieces.

Inventory:

Hand Weapons
 e - a +0 dagger
 h - a cursed -3 long sword (weapon)
Armour
 a - a +0 robe (worn)
 d - a +0 buckler
Jewellery
 b - a cursed amulet of inaccuracy (around neck)
 i - a cursed -2 ring of strength (left hand)
Scrolls
 f - 3 scrolls of amnesia
 j - a scroll of immolation
 k - a scroll of enchant weapon
 n - a scroll of magic mapping
 p - a scroll of fear {unknown}
Potions
 g - a potion of degeneration {unknown}
 l - a potion of flight {unknown}
 m - a potion of might {unknown}
 o - a potion of invisibility {unknown}
Comestibles
 c - 2 rations


   Skills:
 - Level 1.5 Dodging
 - Level 2.1 Stealth
 + Level 3.1 Spellcasting
 * Level 4.3 Conjurations
 * Level 4.9 Fire Magic


You had 5 spell levels left.
You knew the following spells:

 Your Spells              Type           Power        Failure   Level  Hunger
a - Flame Tongue          Conj/Fire      ###..        2%          1    None
b - Throw Flame           Conj/Fire      ###...       3%          2    ##.....
c - Conjure Flame         Conj/Fire      ###.....     8%          3    ###....

Your spell library contained the following spells:

 Spells                   Type           Power        Failure   Level  Hunger
 Inner Flame              Hex/Fire       ##......     19%         3    ###....
 Sticky Flame             Conj/Fire      ###.....     26%         4    ####...
 Fireball                 Conj/Fire      ###.......   56%         5    ######.


Dungeon Overview and Level Annotations

Branches:
Dungeon (4/15)              Sewer (visited)
 Temple: D:4-7

Altars:
Gozag
Kikubaaqudgha
Ru
Trog
Uskayaw
Yredelemnul

Annotations:
D:4 Blork the orc


Innate Abilities, Weirdness & Mutations

You are resistant to torment.
Your stone body is resilient. (AC +4)
You are immune to poison.
You resist negative energy. (rN+)
You are resistant to electric shocks. (rElec)
You can survive without breathing.
You are immune to petrification.
You are immune to rotting.


Message History

Casting: Flame Tongue (safe; 2% risk of failure)
Confirm with . or Enter, or press ? or * to list all spells.
Aiming: Flame Tongue (safe; 2% risk of failure)
Press: ? - help, Shift-Dir - straight line, f/p - Blork the orc
Aim: Blork the orc, wielding a +2 dire flail of draining and wearing a +0 robe (severely wounded)
The flame tongue hits Blork the orc.
Blork the orc is severely wounded.
Blork the orc gestures at you while chanting.
The magic dart hits you.
* * * LOW HITPOINT WARNING * * *
The orc hits you with a +0 club.
* * * LOW HITPOINT WARNING * * *
Casting: Flame Tongue (safe; 2% risk of failure)
Confirm with . or Enter, or press ? or * to list all spells.
Aiming: Flame Tongue (safe; 2% risk of failure)
Press: ? - help, Shift-Dir - straight line, f/p - Blork the orc
Aim: Blork the orc, wielding a +2 dire flail of draining and wearing a +0 robe (severely wounded)
The flame tongue misses Blork the orc.
Blork the orc hits you with a +2 dire flail of draining!
You die...

#.#####
#.....##########
#...#..........#
#.#.#...######.#
######.#.#.#......#.#
#............####.#.#
#.##.###.###.####.#.#
#.#....#oo........#.#
#.#......@##.######.#
#.#.##.#..##.######.#
#.#.##.#..##........#
#.#.......##.########
#o#.#..#.#######
#.#.#..#.......#
#.#.#..#######.#
#.#.#..........##
#.#.............#


You could see Blork the orc and an orc.

Vanquished Creatures
  A centaur skeleton (D:4)
  2 orc priests
  2 worker ants (D:4)
  3 adders
  2 river rats (D:3)
  5 oozes
  An adder skeleton (D:4)
  8 worms
  4 leopard geckos
  3 orcs
  8 bats
  3 giant cockroaches
  5 goblins
  8 hobgoblins
  3 jackals (D:1)
  A quokka (D:4)
  2 ball pythons (Sewer)
  9 frilled lizards
  8 kobolds
  7 rats
85 creatures vanquished.

Notes
Turn   | Place    | Note
-------+----------+-------------------------------------------
     0 | D:1      | mortelune the Gargoyle Fire Elementalist began the quest
                  | for the Orb.
     0 | D:1      | Reached XP level 1. HP: 10/10 MP: 3/3
   298 | D:1      | Reached XP level 2. HP: 15/15 MP: 3/5
   397 | D:1      | Learned a level 2 spell: Throw Flame
  1084 | D:1      | Reached XP level 3. HP: 19/19 MP: 0/6
  1089 | D:1      | Learned a level 3 spell: Conjure Flame
  2001 | D:2      | Noticed a +0 hand axe
  2001 | D:2      | Noticed a +0 dagger
  2041 | D:2      | Found a basalt altar of Yredelemnul.
  2041 | D:2      | Found an opulent altar of Gozag.
  2042 | D:2      | Found a hide-covered altar of Uskayaw.
  2073 | D:2      | Found an ancient bone altar of Kikubaaqudgha.
  2426 | D:2      | Reached XP level 4. HP: 24/24 MP: 4/7
  2552 | D:2      | Found a sacrificial altar of Ru.
  2880 | D:2      | Found a bloodstained altar of Trog.
  3106 | D:3      | Found a glowing drain.
  3112 | Sewer    | Entered a sewer
  3607 | Sewer    | Reached XP level 5. HP: 28/28 MP: 5/8
  5610 | D:4      | Reached XP level 6. HP: 32/32 MP: 0/10
  6038 | D:4      | Noticed Blork the orc
  6344 | D:4      | Slain by Blork the orc

Levels and vault maps discovered:
D:1:      dpeg_arrival_short_road, layout_basic
D:2:      layout_loops_ring, lightli_temple_of_fire, dancing_weapons_uskayaw,
          grunt_temple_overflow_open, kennysheep_cross_bottleneck,
          nicolae_ru_the_path_less_chosen
D:3:      layout_basic, lightli_sewer_entry_pipes, minmay_crystal_room
D:4:      layout_basic, first_ration, uniq_robin, uniq_blork_the_orc

Skill      XL: |  1  2  3  4  5 |
---------------+----------------+-----
Conjurations   | 2 3 4 |  4.3
Fire Magic     | 4 |  4.9
Spellcasting   | 3 |  3.1
Dodging        | |  1.5
Stealth        | |  2.1

Action                   |  1- 3 |  4- 6 || total
-------------------------+-------+-------++-------
Melee: Unarmed           |     1 |       ||     1
       Dagger            |    20 |    12 ||    32
       Long sword        |       |     2 ||     2
 Cast: Flame Tongue      |    45 |    59 ||   104
       Throw Flame       |    21 |    47 ||    68
       Conjure Flame     |       |     5 ||     5
  Use: Scroll            |       |    10 ||    10
       Potion            |       |     3 ||     3
  Eat: Chunk             |     7 |     3 ||    10
       Ration            |       |     4 ||     4
Armor: Robe              |    11 |    32 ||    43
Dodge: Dodged            |    22 |    45 ||    67
       Rpst.: Long sword |       |     4 ||     4
